 BcadrenCrawl: Boulder Brew version 0.06-688-g08e91b2d95 (webtiles) character file.

Game seed: 8340896938753926055

0 Leeroy the Grave Robber (level 1, 21/21 HPs) Mummified Deep Elf. Began on Jan 22, 2023. Got out of the dungeon intact. The game lasted 00:00:17 (16 turns).

Leeroy the Grave Robber (Deep Elf Mummy)              Turns: 16, Time: 00:00:18

Health: 21/21      AC:  3    Str:  8    XL:     1 ^: 11
Magic:  5/6        EV: 12    Int: 23    God:
Gold:   4          SH:  0    Dex:  9    Spells: 8/9 levels left

rFire    x . .     Slash    .   a - +0 short sword
rCold    + . .     Pierce   +   (no weapon)
rNeg     + + +     Bludgeon .   b - +0 leather armour
rCorr    . . .     Vision   .   (no helmet)
rPois    ∞         Gourm    .   (no cloak)
rElec    .         Faith    .   (no gloves)
MR       .....     Spirit   .   (no boots)
HPRegen  0.17/turn Reflect  .   (no amulet)
MPRegen  0.16/turn Harm     .   (no ring)
Stlth    ++........             (no ring)

@: very slightly contaminated
A: cold resistance 1, negative energy resistance 3, torment resistance,
unbreathing, heat vulnerability 1, in touch with death 1, ancient wisdom, undead
flesh
a: no special abilities


You escaped.
You were not hungry.

You visited 1 branch of the dungeon, and saw 1 of its levels.

You collected 4 gold pieces.

Inventory:

Weapons
 a - a +0 short sword (weapon)
Armour
 b - a +0 leather armour (worn)


   Skills:
 + Level 2.0 Short Blades
 + Level 3.6 Dodging
 + Level 2.4 Stealth
 + Level 3.0 Spellcasting
 + Level 3.6 Necromancy


You had 8 spell levels left.
You knew the following spells:

 Your Spells              Type           Power        Failure   Level  Hunger
a - Pain                  Hex/Necr       17 (25)      7%          1    N/A

Your spell library contained the following spells:

 Spells                   Type           Power        Failure   Level  Hunger
 Vampiric Draining        Necr           30 (200)     10%         3    N/A
 Pryten's Skeletal Upris  Chrm/Necr      17 (200)     21%         3    N/A
 Animate Dead             Necr           N/A          30%         4    N/A
 Regeneration             Chrm/Necr      Unusable     N/A         3    N/A

Dungeon Overview and Level Annotations

Branches:
Dungeon (1/8)

Altars:


Innate Abilities, Weirdness & Mutations

You are immune to poison.
You are cold resistant. (rC+)
You are immune to negative energy. (rN+++)
You are immune to unholy pain and torment.
You can survive without breathing.
You are vulnerable to heat. (rF-)
You are in touch with the powers of death.
You can memorise 50% more levels worth of spells.
You gain random stats at level up more slowly, but gain an extra +1 intelligence each time.
Your undead flesh lacks the need for functioning vital organs and takes reduced damage from stabs. (rPiercing+)


Message History

Aiming: Pain (safe; 7% risk of failure)
Press: ? - help, Shift-Dir - straight line, f - rat
Aim: a rat (86%, 88% to-hit, healthy (2/2), 69% (Melee), chance to defeat MR: 87%)
You feel a surge of power!
You miscast Pain.
You are very lightly contaminated with residual magic.
Nothing appears to happen.
The rat bites you (1). You resist.
Casting: Pain (safe; 7% risk of failure)
Confirm with . or Enter, or press ? or * to list all spells.
Aiming: Pain (safe; 7% risk of failure)
Press: ? - help, Shift-Dir - straight line, f/p - rat
Aim: a rat (86%, 88% to-hit, healthy (2/2), 69% (Melee), chance to defeat MR: 87%)
You feel a surge of power!
The rat writhes in agony (3).
You kill the rat!
HP restored.
Found a +0 robe.
There is a staircase leading out of the dungeon here.
Are you sure you want to leave the Dungeon?
This will make you lose the game!
Alright, then stay!
Are you sure you want to leave the Dungeon?
This will make you lose the game!
You have escaped!

...#.. .. ...#. .#..
.. . ..#.[ ..#..#. .
..#...
...#.#.#.#.#... ..
..#.#.#.#.. #... ..
#.#...#.##.....
....#.....#.......
#...@...######..#
....#.....#...†....#
. #.#..%#.##......#
..#.#.#.#..##....#
...#.#.#.#.#...#...#
..#..#.#.
..#........ .#..
..#. #..#.....##
...#.. ..#...#......
.. . ........#


There were no monsters in sight!

Vanquished Creatures
  A rat (D:1)
1 creature vanquished.

Notes
Turn   | Place    | Note
-------+----------+-------------------------------------------
     0 | D:1      | Leeroy the Deep Elf Mummy began the quest for the Orb.
     0 | D:1      | Reached XP level 1. HP: 21/21 MP: 6/6
    16 | D:$      | Got out of the dungeon intact.

Illustrated notes

Levels and vault maps discovered:
D:1:      minmay_arrival_radiant_lines, layout_basic, minmay_strange_pillars,
          portal_sewer_entry_f

Action                   || total
-------------------------++-------
 Cast: Pain              ||     1
